 Dungeon Crawl Stone Soup version 0.28-a0-819-g6ef7baa362 (webtiles) character file.

Game seed: 8830740011493809936

0 meatgazer the Skirmisher (level 1, -17/18 HPs)
             Began as a Demonspawn Abyssal Knight on Nov 8, 2021.
             Was a Follower of Lugonu.
             Demolished by a tentacled starspawn (26 damage)
             ... on level 1 of the Abyss.
             The game lasted 00:00:14 (64 turns).

meatgazer the Skirmisher (Demonspawn Abyssal Knight)  Turns: 64, Time: 00:00:14

Health: -17/18     AC:  4    Str: 13    XL:     1   Next: 0%
Magic:  2/2        EV: 11    Int: 11    God:    Lugonu [*.....]
Gold:   0          SH:  0    Dex: 13    Spells: 0/0 levels left

rFire   . . .      SeeInvis .   a - +1 falchion
rCold   . . .      Faith    .   (no shield)
rNeg    . . .      Spirit   .   b - +1 leather armour
rPois   .          Reflect  .   (no helmet)
rElec   .          Harm     .   (no cloak)
rCorr   .          Rampage  .   (no gloves)
Will    .....                   (no boots)
Stlth   +.........              (no amulet)
HPRegen 0.06/turn               (no ring)
MPRegen 0.08/turn               (no ring)

@: no status effects
A: no striking features
a: Renounce Religion, Depart the Abyss


You were on level 1 of the Abyss.
You worshipped Lugonu.
Lugonu was aware of your devotion.
You visited 0 branches of the dungeon, and saw 0 of its levels.
You visited the Abyss 1 time.

Inventory:

Hand Weapons
 a - a +1 falchion (weapon)
Armour
 b - a +1 leather armour (worn)


   Skills:
 + Level 3.0 Fighting
 + Level 1.7 Long Blades
 + Level 1.7 Armour
 + Level 0.8 Dodging
 + Level 2.4 Invocations


You couldn't memorise any spells.
You didn't know any spells.
Your spell library was empty.

Dungeon Overview and Level Annotations

Branches:
Dungeon (0/15)

Altars:


Message History

Press ? for a list of commands and other information.
Found two corrupted altars of Lugonu and nine shimmering altars of Xom.
There is a shimmering altar of Xom here.
c - a scroll labelled COJOUN EMUU A tentacled starspawn comes into view.
As you read the scroll labelled COJOUN EMUU, it crumbles to dust.
It is a scroll of enchant armour.
Your +0 leather armour glows green for a moment.
A tentacled starspawn is nearby!
A starspawn tentacle comes into view. x2
The starspawn tentacle grabs you. The starspawn tentacle constricts you.
You hit the starspawn tentacle.
The starspawn tentacle is lightly damaged.
The starspawn tentacle loses its grip on you.
The tentacle pulls you backwards!
A tentacle flies out from the starspawn's body!
The starspawn tentacle grabs you. The starspawn tentacle constricts you.
A starspawn tentacle comes into view.
You hit the starspawn tentacle but do no damage.
The starspawn tentacle is lightly damaged.
The starspawn tentacle loses its grip on you.
The tentacle pulls you backwards! The starspawn tentacle grabs you.
The starspawn tentacle constricts you.
You hit the starspawn tentacle.
The starspawn tentacle is moderately damaged.
The starspawn tentacle loses its grip on you.
The tentacle pulls you backwards!
A tentacle flies out from the starspawn's body!
A starspawn tentacle comes into view.
You hit the tentacled starspawn.
The tentacled starspawn is lightly damaged.
You hit the tentacled starspawn.
The tentacled starspawn is lightly damaged.
The tentacled starspawn barely misses you.
The tentacled starspawn tentacle-slaps you.
You hit the tentacled starspawn.
The tentacled starspawn is moderately damaged.
The tentacled starspawn bites you!!
Ouch! That really hurt!
You die...

.# .# ####
..#.#..
#...#.#
##─....#
##.#─..##
##..w##>.##
#..##@X#
#.######
#.# ..#
#.######.#
#...##.
.### ###.
.# .#.#
####.# #
..# # .
#..#. # . #
...#####..#


You could see a tentacled starspawn and a starspawn tentacle.

Vanquished Creatures (others)
  3 starspawn tentacles (Abyss:1)
3 creatures vanquished.

Notes
Turn   | Place    | Note
-------+----------+-------------------------------------------
     0 | Abyss:1  | meatgazer the Demonspawn Abyssal Knight began the quest for
                  | the Orb.
     0 | Abyss:1  | Reached XP level 1. HP: 18/18 MP: 2/2
    50 | Abyss:1  | Noticed a tentacled starspawn
    64 | Abyss:1  | Demolished by a tentacled starspawn

Illustrated notes

Levels and vault maps discovered:
Abyss:1:  base: Temple, base:
Temple

Action                   || total
-------------------------++-------
Melee: Falchion          ||     6
  Use: Scroll            ||     1
Dodge: Dodged            ||     1

Table legend: (Time is in decaauts)
 A = Elapsed time spent in this place.
 B = Non-inter-level travel time spent in this place.
 C = Inter-level travel time spent in this place.
 D = Time resting spent in this place.
 E = Time spent auto-exploring this place.
 F = Levels seen in this place.
 G = Mean time per level.
                   A        B        C        D        E       F      G
               +--------+--------+--------+--------+--------+-----+--------+
         Total |     65 |     65 |      0 |      0 |     49 |   1 |   65.0 |
         Abyss |     65 |     65 |      0 |      0 |     49 |   1 |   65.0 |
               +--------+--------+--------+--------+--------+-----+--------+

Top non-repeatable levels by time:
 Abyss:1: 65 daAuts
